 Dungeon Crawl Stone Soup version 0.31-a0-162-gc4c5a43528 (webtiles) character file.

Game seed: 5957421467369092246

873 qw the Shooter (level 8, -2/73 HPs)
             Began as a Naga Hunter on June 12, 2023.
             Slain by a water moccasin (4 damage)
             ... on level 4 of the Dungeon.
             The game lasted 00:01:27 (4181 turns).

qw the Shooter (Naga Hunter)                        Turns: 4181, Time: 00:01:27

Health: -2/73      AC:  5    Str: 14    XL:     8   Next: 4%
Magic:  8/8        EV: 10    Int: 10    God:
Gold:   20         SH:  0    Dex: 16    Spells: 7/7 levels left

rFire   . . .        i - +0 shortbow (heavy)
rCold   + . .        (shield currently unavailable)
rNeg    . . .        c - +0 leather armour
rPois   +            (no helmet)
rElec   .            (no cloak)
rCorr   .            b - +0 pair of gloves
SInv    +            (no barding)
Will    +....        a - amulet of faith
Stlth   ++           g - ring of protection from cold
HPRegen 0.32/turn    (no ring)
MPRegen 0.11/turn

%: faith
@: lethally poisoned (-2 -> -24), very slow
A: AC +2, large, see invisible, deformed body, poison resistance, slowness 2,
spit poison 1, naga tail 1
a: Spit Poison


You were on level 4 of the Dungeon.
You visited 1 branch of the dungeon, and saw 5 of its levels.
You also visited: Sewer.

You collected 252 gold pieces.
You spent 232 gold pieces at shops.


Innate Abilities, Weirdness & Mutations

Your serpentine skin is tough. (AC +2)
You have supernaturally acute eyesight. (SInv)
Armour fits poorly on your strangely shaped body.
Your system is resistant to poisons. (rPois)
You cover ground very slowly.
You can spit poison.
You have a snake-like lower body.


   Skills:
 - Level 4.4 Fighting
 + Level 7.9 Ranged Weapons
 - Level 2.1 Dodging
 - Level 1.5 Stealth


You had 7 spell levels left.
You didn't know any spells.
Your spell library was empty.

Inventory:

Hand Weapons
 i - a +0 heavy shortbow (weapon)
Armour
 b - a +0 pair of gloves (worn)
 c - a +0 leather armour (worn)
Jewellery
 a - an amulet of faith (around neck)
 g - a ring of protection from cold (left hand)
Scrolls
 n - a scroll of identify
Potions
 e - a potion of degeneration {unknown}
 h - a potion of haste
 j - a potion of brilliance {unknown}
 l - a potion of curing
 m - a potion of attraction {unknown}
 o - a potion of might {unknown}

Dungeon Overview and Level Annotations

Branches:
Dungeon (5/15)              Sewer (visited)
 Temple: D:4-7

Altars:
Ashenzari
Cheibriados
Sif Muna
Vehumet

Shops:
D:3 *   D:4 ?


Message History

Enter note:
Enter note:
Enter note:
4177 ||| INVOKING Spit Poison.
Aiming: Spit Poison (1% risk of failure)
Press: ? - help, Shift-Dir - straight line, f - hound The splash of poison misses the hound.
You feel very sick.
The hound looks more healthy.
The hound bites you. The water moccasin bites you.
You are more poisoned.
The water moccasin poisons you! The adder closely misses you.
The hound closely misses you.
You shoot an arrow. The arrow misses the hound.
You feel very sick. The water moccasin bites you.
You are lethally poisoned!
The water moccasin poisons you! The hound bites you but does no damage.
The adder barely misses you. The water moccasin bites you!
You are more poisoned.
The water moccasin poisons you! The hound misses you.
The adder bites you but does no damage.
4179 ||| DRINKING potion of heal wounds.
You feel much better.
You feel extremely sick. The water moccasin bites you.
You are more poisoned.
The water moccasin poisons you! The hound bites you but does no damage.
The adder bites you.
The water moccasin bites you but does no damage.
You shoot an arrow. The arrow hits the hound.
You kill the hound!
You feel extremely sick. The adder bites you but does no damage.
The water moccasin barely misses you. The adder bites you but does no damage.
The water moccasin closely misses you.
You shoot an arrow. The arrow hits the water moccasin!!
The water moccasin is severely wounded.
You have got your breath back.
You feel extremely sick. The adder barely misses you.
The water moccasin bites you.
You die...

.#...#.......#..............#
#....##.##...#..............##
#.[.....##........##..!......#
........#....................#
..............###.##.......###
..............#####..#...###
...#................###.##
...##............S...####
...#............@.%...##
###............S#......#
.....####.......##....###
.......#..............#.###
.##.............##........##
#####...........##....#.##.##
..............)<......#.##..##
...##..#.......#......#......#
#.##..##.....)..............##


You could see a water moccasin and an adder.

Vanquished Creatures
  Sigmund (D:4)
  4 kobold brigands (Sewer)
  A howler monkey (D:4)
  A hound (D:4)
  An orc priest (D:4)
  2 orc wizards (D:4)
  Natasha (twice) (D:4)
  An iguana (D:4)
  8 adders
  3 river rats (D:3)
  2 dart slugs (D:1)
  4 worms
  8 orcs
  11 endoplasms
  4 giant cockroaches
  7 goblins
  7 hobgoblins
  11 kobolds
  3 quokkas
  13 ball pythons
  7 bats
  2 frilled lizards (D:1)
  5 rats
108 creatures vanquished.

Notes
Turn   | Place    | Note
-------+----------+-------------------------------------------
     0 | D:1      | qw the Naga Hunter began the quest for the Orb.
     0 | D:1      | Reached XP level 1. HP: 19/19 MP: 1/1
     0 | D:1      | 0 ||| qw: Version: 0.2-a-29-gc1b59c4
     0 | D:1      | 0 ||| qw: Game counter: 4367
     0 | D:1      | 0 ||| qw: Always use a shield: true
     0 | D:1      | 0 ||| qw: God list: Okawaru
     0 | D:1      | 0 ||| qw: Allow faded altars: false
     0 | D:1      | 0 ||| qw: Do Orc after D:15 true
     0 | D:1      | 0 ||| qw: Do second Lair branch before Depths: true
     0 | D:1      | 0 ||| qw: Lair rune preference: random
     0 | D:1      | 0 ||| qw: Plans: Normal
     0 | D:1      | 0 ||| PLANNING D:1-11
    40 | D:1      | 40 ||| INVOKING Spit Poison.
    47 | D:1      | 47 ||| INVOKING Spit Poison.
   203 | D:1      | 203 ||| INVOKING Spit Poison.
   205 | D:1      | Reached skill level 4 in Ranged Weapons
   205 | D:1      | Reached XP level 2. HP: 26/26 MP: 2/2
   214 | D:1      | 214 ||| INVOKING Spit Poison.
   235 | D:1      | 235 ||| INVOKING Spit Poison.
   280 | D:1      | 280 ||| INVOKING Spit Poison.
   283 | D:1      | 283 ||| INVOKING Spit Poison.
   289 | D:1      | 289 ||| INVOKING Spit Poison.
   295 | D:1      | 295 ||| INVOKING Spit Poison.
   378 | D:1      | 378 ||| INVOKING Spit Poison.
   379 | D:1      | 379 ||| INVOKING Spit Poison.
   439 | D:1      | 439 ||| INVOKING Spit Poison.
   459 | D:1      | 459 ||| INVOKING Spit Poison.
   546 | D:1      | 546 ||| INVOKING Spit Poison.
   547 | D:1      | 547 ||| INVOKING Spit Poison.
   551 | D:1      | 551 ||| INVOKING Spit Poison.
   554 | D:1      | 554 ||| INVOKING Spit Poison.
   556 | D:1      | Reached XP level 3. HP: 28/32 MP: 3/3
   571 | D:1      | 571 ||| INVOKING Spit Poison.
   577 | D:1      | 577 ||| INVOKING Spit Poison.
   602 | D:1      | 602 ||| INVOKING Spit Poison.
   610 | D:1      | 610 ||| INVOKING Spit Poison.
   622 | D:1      | Found a faded altar of an unknown god.
   758 | D:1      | 758 ||| INVOKING Spit Poison.
   924 | D:1      | 924 ||| INVOKING Spit Poison.
  1013 | D:1      | 1013 ||| UPGRADING to ring of protection from cold.
  1014 | D:1      | 1014 ||| READING scroll labelled ENIXAF FOESK.
  1015 | D:1      | 1015 ||| READING scroll labelled ZEXTYA IMIOFEM.
  1016 | D:1      | 1016 ||| DROPPING scroll of butterflies.
  1102 | D:2      | 1102 ||| INVOKING Spit Poison.
  1236 | D:2      | 1236 ||| INVOKING Spit Poison.
  1237 | D:2      | 1237 ||| INVOKING Spit Poison.
  1240 | D:2      | Reached skill level 5 in Ranged Weapons
  1447 | D:2      | 1447 ||| INVOKING Spit Poison.
  1449 | D:2      | Reached XP level 4. HP: 39/39 MP: 4/4
  1511 | D:2      | 1511 ||| INVOKING Spit Poison.
  1516 | D:2      | 1516 ||| INVOKING Spit Poison.
  1831 | D:2      | 1831 ||| UPGRADING to amulet of faith.
  1836 | D:2      | 1836 ||| READING scroll labelled FOJYRA UREUSA.
  1866 | D:3      | 1866 ||| PLANNING SEWER
  1870 | D:3      | 1870 ||| INVOKING Spit Poison.
  1874 | D:3      | 1874 ||| INVOKING Spit Poison.
  1878 | D:3      | 1878 ||| INVOKING Spit Poison.
  1950 | D:3      | 1950 ||| INVOKING Spit Poison.
  1976 | D:3      | 1976 ||| INVOKING Spit Poison.
  2040 | D:3      | 2040 ||| INVOKING Spit Poison.
  2059 | D:3      | 2059 ||| INVOKING Spit Poison.
  2061 | D:3      | Reached skill level 3 in Fighting
  2081 | D:3      | 2081 ||| INVOKING Spit Poison.
  2082 | D:3      | Found a glowing drain.
  2084 | D:3      | 2084 ||| INVOKING Spit Poison.
  2088 | D:3      | 2088 ||| INVOKING Spit Poison.
  2089 | D:3      | 2089 ||| UPGRADING to +0 pair of gloves.
  2094 | D:3      | 2094 ||| READING scroll labelled TILE LADUO.
  2095 | D:3      | 2095 ||| DRINKING 2 sedimented amethyst potions.
  2104 | Sewer    | Entered a sewer
  2151 | Sewer    | Noticed a kobold brigand
  2154 | Sewer    | 2154 ||| INVOKING Spit Poison.
  2158 | Sewer    | 2158 ||| INVOKING Spit Poison.
  2161 | Sewer    | 2161 ||| INVOKING Spit Poison.
  2164 | Sewer    | 2164 ||| INVOKING Spit Poison.
  2166 | Sewer    | HP: 10/42 [poisoned by a kobold brigand (curare-tipped
                  | dart)]
  2167 | Sewer    | 2167 ||| DRINKING potion of heal wounds.
  2168 | Sewer    | 2168 ||| INVOKING Spit Poison.
  2169 | Sewer    | Killed a kobold brigand
  2170 | Sewer    | Reached XP level 5. HP: 24/49 MP: 5/5
  2288 | Sewer    | 2288 ||| INVOKING Spit Poison.
  2312 | Sewer    | 2312 ||| INVOKING Spit Poison.
  2318 | Sewer    | 2318 ||| INVOKING Spit Poison.
  2392 | Sewer    | Noticed a kobold brigand
  2394 | Sewer    | 2394 ||| INVOKING Spit Poison.
  2398 | Sewer    | Killed a kobold brigand
  2399 | Sewer    | Reached skill level 6 in Ranged Weapons
  2399 | Sewer    | Reached XP level 6. HP: 56/56 MP: 6/6
  2399 | Sewer    | 2399 ||| INVOKING Spit Poison.
  2458 | Sewer    | 2458 ||| INVOKING Spit Poison.
  2462 | Sewer    | 2462 ||| INVOKING Spit Poison.
  2463 | Sewer    | 2463 ||| INVOKING Spit Poison.
  2468 | Sewer    | 2468 ||| INVOKING Spit Poison.
  2470 | Sewer    | 2470 ||| INVOKING Spit Poison.
  2472 | Sewer    | HP: 14/56 [poisoned by a kobold brigand (curare-tipped
                  | dart)]
  2474 | Sewer    | 2474 ||| INVOKING Spit Poison.
  2474 | Sewer    | HP: 5/56 [kobold brigand/+0 dagger (2)]
  2474 | Sewer    | HP: 2/56 [kobold brigand/+0 dagger (3)]
  2675 | Sewer    | 2675 ||| INVOKING Spit Poison.
  2679 | Sewer    | 2679 ||| INVOKING Spit Poison.
  2685 | Sewer    | 2685 ||| INVOKING Spit Poison.
  2817 | Sewer    | 2817 ||| INVOKING Spit Poison.
  2822 | Sewer    | 2822 ||| INVOKING Spit Poison.
  2839 | Sewer    | 2839 ||| INVOKING Spit Poison.
  2880 | Sewer    | 2880 ||| INVOKING Spit Poison.
  2882 | Sewer    | Reached XP level 7. HP: 66/66 MP: 7/7
  2885 | Sewer    | 2885 ||| INVOKING Spit Poison.
  2899 | Sewer    | 2899 ||| INVOKING Spit Poison.
  2984 | Sewer    | 2984 ||| INVOKING Spit Poison.
  3005 | Sewer    | 3005 ||| READING scroll labelled NIHU RUOKLUCW.
  3006 | Sewer    | 3006 ||| DRINKING 2 metallic pink potions.
  3029 | D:3      | 3029 ||| PLANNING D:1-11
  3053 | D:3      | 3053 ||| INVOKING Spit Poison.
  3078 | D:3      | 3078 ||| INVOKING Spit Poison.
  3084 | D:3      | 3084 ||| INVOKING Spit Poison.
  3089 | D:3      | 3089 ||| INVOKING Spit Poison.
  3092 | D:3      | 3092 ||| INVOKING Spit Poison.
  3095 | D:3      | 3095 ||| INVOKING Spit Poison.
  3168 | D:3      | Found a radiant altar of Vehumet.
  3169 | D:3      | 3169 ||| INVOKING Spit Poison.
  3210 | D:3      | Found a broken altar of Ashenzari.
  3263 | D:3      | 3263 ||| INVOKING Spit Poison.
  3352 | D:3      | Found a snail-covered altar of Cheibriados.
  3355 | D:3      | 3355 ||| INVOKING Spit Poison.
  3491 | D:3      | Found Guasch's General Store.
  3500 | D:3      | 3500 ||| BUYING potion of heal wounds (65 gold).
  3500 | D:3      | Bought a potion of heal wounds for 65 gold pieces
  3500 | D:3      | 3500 ||| BUYING scroll of brand weapon (123 gold).
  3500 | D:3      | Bought a scroll of brand weapon for 123 gold pieces
  3500 | D:3      | 3500 ||| SHOPLISTING scroll of teleportation (39 gold, have
                  | 34).
  3500 | D:3      | 3500 ||| READING scroll of brand weapon.
  3500 | D:3      | 3500 ||| BRANDING +0 shortbow.
  3598 | D:3      | 3598 ||| READING scroll labelled CANWOUGINT.
  3644 | D:4      | Noticed Sigmund
  3645 | D:4      | 3645 ||| INVOKING Spit Poison.
  3648 | D:4      | 3648 ||| INVOKING Spit Poison.
  3651 | D:4      | Killed Sigmund
  3652 | D:4      | Reached skill level 7 in Ranged Weapons
  3652 | D:4      | 3652 ||| INVOKING Spit Poison.
  3770 | D:4      | Noticed Natasha
  3771 | D:4      | 3771 ||| INVOKING Spit Poison.
  3772 | D:4      | Killed Natasha
  3865 | D:4      | Noticed Natasha
  3882 | D:4      | Found Isuihuuj's Magic Scroll Shoppe.
  3890 | D:4      | 3890 ||| BUYING scroll of identify (22 gold).
  3890 | D:4      | Bought a scroll of identify for 22 gold pieces
  3890 | D:4      | 3890 ||| BUYING scroll of identify (22 gold).
  3890 | D:4      | Bought a scroll of identify for 22 gold pieces
  3890 | D:4      | 3890 ||| SHOPLISTING scroll of identify (22 gold, have 20).
  3904 | D:4      | 3904 ||| INVOKING Spit Poison.
  3909 | D:4      | 3909 ||| INVOKING Spit Poison.
  3956 | D:4      | 3956 ||| Stepping ~*~*~tactically~*~*~ (outnumbered).
  3958 | D:4      | 3958 ||| INVOKING Spit Poison.
  3961 | D:4      | 3961 ||| INVOKING Spit Poison.
  3964 | D:4      | 3964 ||| INVOKING Spit Poison.
  3967 | D:4      | Found a shimmering blue altar of Sif Muna.
  3993 | D:4      | Killed Natasha
  4008 | D:4      | 4008 ||| INVOKING Spit Poison.
  4013 | D:4      | 4013 ||| INVOKING Spit Poison.
  4017 | D:4      | 4017 ||| INVOKING Spit Poison.
  4091 | D:4      | 4091 ||| INVOKING Spit Poison.
  4092 | D:4      | Reached XP level 8. HP: 73/73 MP: 8/8
  4145 | D:4      | 4145 ||| READING scroll labelled LOVA EGIMIGISH.
  4146 | D:4      | 4146 ||| DRINKING 2 metallic dark potions.
  4160 | D:4      | 4160 ||| DRINKING 2 green potions.
  4161 | D:4      | 4161 ||| READING 2 scrolls of identify.
  4161 | D:4      | 4161 ||| IDENTIFYING pink potion
  4162 | D:4      | 4162 ||| DROPPING potion of invisibility.
  4163 | D:4      | 4163 ||| DROPPING potion of lignification.
  4171 | D:5      | Entered Level 5 of the Dungeon
  4172 | D:5      | 4172 ||| INVOKING Spit Poison.
  4175 | D:5      | 4175 ||| STAIRDANCE
  4177 | D:4      | 4177 ||| INVOKING Spit Poison.
  4178 | D:4      | HP: 15/73 [water moccasin (7)]
  4179 | D:4      | 4179 ||| DRINKING potion of heal wounds.
  4181 | D:4      | HP: 2/73 [poisoned by a water moccasin]
  4181 | D:4      | Slain by a water moccasin

Levels and vault maps discovered:
D:1:      sevenhm_arrival_forest_fort_large_3, layout_basic,
          hellmonk_ecumenical_altar_heavens_door, kennysheep_flooded_box
D:2:      layout_loops_corners, minmay_ruptured
D:3:      layout_loops_ring, slow_altar_2, nicolae_vehumet_altar_sigil,
          mainiacjoe_overflow_24_doors, portal_sewer_entry_b, serial_shops,
          shop, minmay_misc_feat_square, nicolae_titane
D:4:      layout_cave_pools, mainiacjoe_overflow_alcove_1, serial_shops, shop,
          uniq_sigmund, uniq_natasha
D:5:      layout_rooms, nicolae_qazlal_style_of_elements,
          nicolae_elyvilon_peaceful_grove, nicolae_dithmenos_shadow_blocks

Skill      XL: |  1  2  3  4  5  6  7 |
---------------+----------------------+-----
Ranged Weapons | 4 5 6 7 |  7.9
Fighting       | 3 4 |  4.4
Dodging        | 2 |  2.1
Stealth        | |  1.5

Action                     |  1- 3 |  4- 6 |  7- 9 || total
---------------------------+-------+-------+-------++-------
   Fire: Shortbow          |    52 |   103 |    81 ||   236
Ability: Spit Poison       |    24 |    34 |    27 ||    85
    Use: Scroll            |     2 |     2 |     5 ||     9
         Potion            |       |     2 |     4 ||     6
 Armour: Leather armour    |     7 |    12 |    14 ||    33
  Dodge: Dodged            |    12 |    25 |    30 ||    67

Table legend:
 A = Non-vault XP
 B = Vault XP
 C = Vault XP percentage of total XP
 D = Non-vault monster count
 E = Vault monster count
 F = Vault count percentage of total count
                 A         B        C        D         E       F
            +---------+---------+-------+---------+---------+-------
      Total |     449 |     799 |  64.0 |      70 |      38 |  35.2
            +---------+---------+-------+---------+---------+-------
        D:1 |      52 |       0 |   0.0 |      28 |       0 |   0.0
        D:2 |      35 |       1 |   2.8 |       6 |       1 |  14.3
        D:3 |      45 |      49 |  52.1 |      18 |       7 |  28.0
        D:4 |     317 |     258 |  44.9 |      18 |       2 |  10.0
      Sewer |       0 |     491 | 100.0 |       0 |      28 | 100.0
            +---------+---------+-------+---------+---------+-------
